 Dungeon Crawl Stone Soup version 0.30-a0-389-g8d7d949f56 (webtiles) character file.

Game seed: 2072913005660610230

143 pokeman the Magician (level 5, -7/29 HPs)
             Began as a Deep Elf Hedge Wizard on Dec 4, 2022.
             Mangled by an ogre
             ... wielding a +0 giant club
              (13 damage)
             ... on level 4 of the Dungeon.
             The game lasted 00:03:53 (2875 turns).

pokeman the Magician (Deep Elf Hedge Wizard)        Turns: 2875, Time: 00:03:54

Health: -7/29      AC:  7    Str: 14    XL:     5   Next: 4%
Magic:  2/5        EV: 12    Int: 21    God:
Gold:   105        SH:  5    Dex: 14    Spells: 8/16 levels left

rFire   . . .      SeeInvis .    l - +11 sling of Hairy Judgement {antimagic, rPois rC++ Str+7}
rCold   + + .      Faith    .    (no shield)
rNeg    . . .      Spirit   .    i - +0 leather armour
rPois   +          Reflect  +    r - +0 helmet
rElec   .          Harm     .    t - +2 cloak
rCorr   .          Rampage  .    (no gloves)
Will    .....                    (no boots)
Stlth   ++........               e - amulet of reflection
HPRegen 0.24/turn                (no ring)
MPRegen 0.09/turn                (no ring)

@: no status effects
A: no striking features
a: no special abilities


You were on level 4 of the Dungeon.
You visited 1 branch of the dungeon, and saw 4 of its levels.

You collected 105 gold pieces.

Inventory:

Hand Weapons
 b - a +1 short sword of protection
 l - the +11 sling of Hairy Judgement (weapon) {antimagic, rPois rC++ Str+7}
   (You found it on level 2 of the Dungeon)

   It reduces the magical energy of the wielder, and disrupts the spells and
   magical abilities of those it strikes.
   Natural abilities and divine invocations are not affected.
   Str:       It affects your strength (+7).
   rC:        It greatly protects you from cold.
   rPois:     It protects you from poison.
Armour
 i - a +0 leather armour (worn)
 r - a +0 helmet (worn)
 t - a +2 cloak (worn)
Jewellery
 e - an amulet of reflection (around neck)
Scrolls
 f - a scroll of poison {unknown}
 g - 2 scrolls of amnesia {unknown}
 j - 3 scrolls of fear {unknown}
 k - 3 scrolls of identify {unknown}
 m - a scroll of immolation {unknown}
 p - 2 scrolls of teleportation {unknown}
 q - a scroll of enchant armour {unknown}
 u - a scroll of blinking {unknown}
Potions
 a - a potion of haste {unknown}
 c - 2 potions of flight {unknown}
 d - a potion of magic
 h - a potion of curing {unknown}
 n - a potion of lignification {unknown}
 o - a potion of berserk rage {unknown}
 s - a potion of ambrosia {unknown}


   Skills:
 - Level 1.1 Fighting
 - Level 1.1 Armour
 + Level 2.9 Dodging
 + Level 2.9 Stealth
 * Level 6.0 Spellcasting
 + Level 2.5 Conjurations
 - Level 1.1 Summonings
 - Level 1.1 Translocations


You had 8 spell levels left.
You knew the following spells:

 Your Spells              Type           Power      Damage    Failure   Level
a - Magic Dart            Conj           64%        1d6       4%          1
b - Mephitic Cloud        Conj/Pois/Air  9%         N/A       26%         3
c - Call Imp              Summ           10%        N/A       12%         2
d - Blink                 Tloc           20%        N/A       12%         2

Your spell library contained the following spells:

 Spells                   Type           Power      Damage    Failure   Level
 Slow                     Hex            24%        N/A       12%         1
 Cigotuvi's Dreadful Rot  Necr/Pois/Air  12%        N/A       19%         2
 Confusing Touch          Hex            6%         N/A       34%         3
 Inner Flame              Hex/Fire       6%         N/A       34%         3
 Vampiric Draining        Necr           6%         2d6       34%         3
 Passage of Golubria      Tloc           10%        N/A       58%         4
 Cause Fear               Hex            3%         N/A       75%         4
 Silence                  Hex/Air        3%         N/A       97%         5
 Discord                  Hex            3%         N/A       100%        8
 Lehudib's Crystal Spear  Conj/Erth      5%         10d3      100%        8


Dungeon Overview and Level Annotations

Branches:
Dungeon (4/15)
 Temple: D:4-7

Altars:


Message History

The spell is quite dangerous to miscast (26% risk of failure)!
Continue anyway?
Aiming: Mephitic Cloud (quite dangerous; 26% risk of failure)
Press: ? - help, Shift-Dir - straight line, f - ogre
Aim: an ogre, wielding a +0 giant club (chance to affect: 77%)
The ball explodes into a vile cloud!
The stinking cloud engulfs the ogre but does no damage.
You hear a shout! x3
The ogre is engulfed in noxious fumes.
The ogre appears confused.
The ogre laughs at nothing.
Unknown command.
Fire: l) +11 sling of Hairy Judgement {antimagic, rPois rC++ Str+7}
Press: ? - help, Q - select action, (/) - cycle Shift-Dir - straight line, f/p - ogre
Aim: an ogre, wielding a +0 giant club (confused, 88% to hit)
You shoot a sling bullet. The sling bullet hits the ogre!
The ogre is heavily wounded.
Unknown command.
Fire: l) +11 sling of Hairy Judgement {antimagic, rPois rC++ Str+7}
Press: ? - help, Q - select action, (/) - cycle Shift-Dir - straight line, f/p - ogre
Aim: an ogre, wielding a +0 giant club (noxious fumes, heavily wounded, confused, 88% to hit)
You shoot a sling bullet. The sling bullet hits the ogre!
The ogre is severely wounded.
The ogre is engulfed in noxious fumes.
The ogre appears confused.
Fire: l) +11 sling of Hairy Judgement {antimagic, rPois rC++ Str+7}
Press: ? - help, Q - select action, (/) - cycle Shift-Dir - straight line, f/p - ogre
Aim: an ogre, wielding a +0 giant club (severely wounded, confused, 88% to hit)
You shoot a sling bullet.
The sling bullet completely misses the ogre.
The ogre asks, "Where am I?"
The ogre hits you with a +0 giant club!!
Ouch! That really hurt!
* * * LOW HITPOINT WARNING * * *
An endoplasm comes into view.
Unknown command.
Fire: l) +11 sling of Hairy Judgement {antimagic, rPois rC++ Str+7}
Press: ? - help, Q - select action, (/) - cycle Shift-Dir - straight line, f/p - ogre
Aim: an ogre, wielding a +0 giant club (severely wounded, confused, 88% to hit)
You shoot a sling bullet. The sling bullet hits the ogre.
The ogre is almost dead.
The ogre hits you with a +0 giant club!
You die...

# .##
...
#.#
#.#
##O#
#@#
#..#
#.#.#
#J##.#
..#
#.#
### .#
#


You could see an ogre (confused) and an endoplasm.

Vanquished Creatures
  A hound (D:3)
  An orc wizard (D:3)
  3 adders
  A worm (D:3)
  A dart slug (D:2)
  3 orcs (D:3)
  5 endoplasms
  5 goblins
  7 hobgoblins
  8 kobolds
  4 quokkas
  5 ball pythons
  2 bats
  4 frilled lizards
  3 rats
53 creatures vanquished.

Notes
Turn   | Place    | Note
-------+----------+-------------------------------------------
     0 | D:1      | pokeman the Deep Elf Hedge Wizard began the quest for the
                  | Orb.
     0 | D:1      | Reached XP level 1. HP: 10/10 MP: 7/7
   412 | D:1      | Reached XP level 2. HP: 16/16 MP: 7/9
  1271 | D:2      | Reached skill level 5 in Spellcasting
  1515 | D:2      | Identified the +11 sling of Hairy Judgement {antimagic,
                  | rPois rC++ Str+7}
  1573 | D:2      | Reached XP level 3. HP: 20/20 MP: 3/11
  1577 | D:2      | Learned a level 3 spell: Mephitic Cloud
  1580 | D:2      | Learned a level 2 spell: Blink
  1583 | D:2      | Learned a level 2 spell: Call Imp
  1904 | D:3      | Reached skill level 1 in Fighting
  1904 | D:3      | Reached skill level 1 in Armour
  1904 | D:3      | Reached XP level 4. HP: 12/25 MP: 0/13
  2499 | D:3      | Reached skill level 6 in Spellcasting
  2499 | D:3      | Reached XP level 5. HP: 29/29 MP: 5/15
  2870 | D:4      | Noticed an ogre
  2875 | D:4      | Mangled by an ogre

Illustrated notes

Levels and vault maps discovered:
D:1:      scummos_arrival_simple_crosswalls, layout_basic, hangedman_decor_push,
          wad_floor_pattern_untrapped
D:2:      layout_basic, minmay_misc_feat_pillars
D:3:      layout_basic, grunt_ministairs_10, minmay_surrounded
D:4:      layout_loops_ring, minmay_temple_entry_sparse_star,
          minmay_fire_ice_demons, uniq_ijyb

Skill      XL: |  1  2  3  4 |
---------------+-------------+-----
Spellcasting   | 5 6 |  6.0
Fighting       | 1 |  1.1
Armour         | 1 |  1.1
Conjurations   | 2 |  2.5
Dodging        | |  2.9
Stealth        | |  2.9
Summonings     | |  1.1
Translocations | |  1.1

Action                   |  1- 3 |  4- 6 || total
-------------------------+-------+-------++-------
Melee: Dagger            |     4 |       ||     4
 Fire: Sling             |    18 |    40 ||    58
 Cast: Magic Dart        |    59 |       ||    59
       Mephitic Cloud    |     1 |     1 ||     2
Armor: Leather armour    |       |     1 ||     1
Dodge: Dodged            |    12 |     2 ||    14
Block: Other             |     6 |     1 ||     7
       Reflection        |     1 |       ||     1

Table legend: (Time is in decaauts)
 A = Elapsed time spent in this place.
 B = Non-inter-level travel time spent in this place.
 C = Inter-level travel time spent in this place.
 D = Time resting spent in this place.
 E = Time spent auto-exploring this place.
 F = Levels seen in this place.
 G = Mean time per level.
                   A        B        C        D        E       F      G
               +--------+--------+--------+--------+--------+-----+--------+
         Total |   2898 |   2713 |    185 |      0 |   2386 |   4 |  724.5 |
       Dungeon |   2898 |   2713 |    185 |      0 |   2386 |   4 |  724.5 |
               +--------+--------+--------+--------+--------+-----+--------+

Top non-repeatable levels by time:
     D:2: 1033 daAuts
     D:3: 1019 daAuts
     D:1: 840 daAuts
     D:4: 6 daAuts
